 Dungeon Crawl Stone Soup version 0.20.1-1-g8b1a95d (webtiles) character file.

111 Mysteryquy the Skirmisher (level 4, -1/50 HPs)
             Began as an Ogre Berserker on July 23, 2017.
             Was a Believer of Trog.
             Killed from afar by an orc wizard (7 damage)
             ... with a magic dart
             ... on level 3 of the Dungeon.
             The game lasted 00:03:25 (2822 turns).

Mysteryquy the Skirmisher (Ogre Berserker)          Turns: 2822, Time: 00:03:25

Health: -1/50      AC:  3    Str: 22    XL:     4   Next: 92%
Magic:  4/4        EV: 10    Int:  8    God:    Trog [**....]
Gold:   79         SH:  0    Dex:  8    Spells: 3/3 levels left

rFire    . . .     SeeInvis .   a - +0 mace
rCold    . . .     Gourm    .   (no shield)
rNeg     . . .     Faith    .   b - +0 animal skin
rPois    +         Spirit   .   (helmet restricted)
rElec    .         Reflect  .   (no cloak)
rCorr    .         Harm     .   (gloves unavailable)
MR       .....                  (boots unavailable)
Stlth    +.........             (no amulet)
Regen    0.2/turn               j - ring of flight
MPRegen  0.1/turn               s - ring of poison resistance

@: no status effects
A: unfitting armour, tough skin 1
a: Berserk, Trog's Hand, Burn Spellbooks, Renounce Religion, Evoke Flight


You were on level 3 of the Dungeon.
You worshipped Trog.
Trog was pleased with you.
You were not hungry.

You visited 1 branch of the dungeon, and saw 3 of its levels.

You collected 79 gold pieces.

Inventory:

Hand Weapons
 a - a +0 mace (weapon)
Armour
 b - a +0 animal skin (worn)
Jewellery
 j - a ring of flight (left hand)
 s - a ring of poison resistance (right hand)
Wands
 w - a wand of lightning (7/15)
Scrolls
 d - a scroll of magic mapping {unknown}
 e - 2 scrolls of teleportation {unknown}
 f - 2 scrolls of recharging {unknown}
 h - a scroll of immolation {unknown}
 i - a scroll of blinking {unknown}
 k - 3 scrolls of remove curse {unknown}
 m - a scroll of noise {unknown}
 p - 2 scrolls of fog {unknown}
 v - 2 scrolls of identify {unknown}
Potions
 g - a potion of lignification {unknown}
 n - a potion of magic {unknown}
 q - a potion of curing {unknown}
 r - a potion of haste {unknown}
 t - a potion of flight {unknown}
 u - a potion of might {unknown}
Comestibles
 c - 2 bread rations
 l - a meat ration
 o - a royal jelly


   Skills:
 + Level 5.3 Fighting
 + Level 4.0 Maces & Flails
 + Level 3.1 Dodging


You had 3 spell levels left.
You didn't know any spells.

Dungeon Overview and Level Annotations

Branches:
Dungeon (3/15)

Altars:


Innate Abilities, Weirdness & Mutations

You are too large for most types of armour.
You have tough skin. (AC +1)


Message History

The orc hits you with a whip of electrocution.
The orc wizard hits you with a dagger.
You barely miss the orc wizard.
The orc wizard is severely wounded.
The orc hits you with a hand axe. The orc wizard misses you.
The orc hits you with a whip of electrocution.
You are electrocuted!
* * * LOW HITPOINT WARNING * * *
You are too injured to fight recklessly!
You closely miss the orc wizard.
The orc wizard is severely wounded.
The orc hits you with a hand axe.
* * * LOW HITPOINT WARNING * * *
The orc barely misses you. The orc wizard casts a spell at you.
The magic dart hits you!
* * * LOW HITPOINT WARNING * * *
The orc wizard points at you and mumbles some strange words.
The magic dart hits you!
You die...

...# ..... .. ... ##.# #...# ..
... ##.# #...# .#..... #..#####
#...### #.#..#..### .#...>.#
#...... ....... ..####
#.#.##.####...#####....... #.#...
.#.#.#........)..o#..#.##..#.#..(
###.........†.)).o.......#..wo...
.#.............)@o#.##.##.####.(.
....##.####.........# #<..
..####.# #.###.####..... ####
..####.# #. #.# ###.# .......# #.
#.# # #.###### ## ... #.# ... #.#
#.# #.#


You could see an orc wizard and 2 orcs.

Vanquished Creatures
  5 adders
  4 dart slugs
  4 orcs (D:3)
  2 giant cockroaches
  6 goblins
  3 hobgoblins
  6 jackals
  3 quokkas
  A ball python (D:2)
  9 bats
  5 frilled lizards
  6 kobolds
  3 rats
57 creatures vanquished.

Notes
Turn   | Place    | Note
-------+----------+-------------------------------------------
     0 | D:1      | Mysteryquy the Ogre Berserker began the quest for the Orb.
     0 | D:1      | Reached XP level 1. HP: 24/24 MP: 1/1
   278 | D:1      | Reached XP level 2. HP: 32/32 MP: 2/2
  1039 | D:1      | Reached XP level 3. HP: 39/40 MP: 3/3
  1290 | D:2      | Reached ** piety under Trog
  1841 | D:2      | Reached skill level 5 in Fighting
  1975 | D:2      | Reached XP level 4. HP: 33/50 MP: 4/4
  2822 | D:3      | Killed from afar by an orc wizard

Skill      XL: |  1  2  3  4 |
---------------+-------------+-----
Maces & Flails | 3 4 |  4.0
Fighting       | 5 |  5.3
Dodging        | 3 |  3.1

Action                   |  1- 3 |  4- 6 || total
-------------------------+-------+-------++-------
Melee: Mace              |   132 |    81 ||   213
  Use: Potion            |     1 |       ||     1
  Eat: Chunk             |     3 |     3 ||     6
Armor: Animal skin       |    48 |    23 ||    71
Dodge: Dodged            |    96 |    63 ||   159
